 Dungeon Crawl Stone Soup version 0.27-a0-1291-geefcff550b (webtiles) character file.

Game seed: 17594347742191294883

174 flotson the Sneak (level 5, -7/42 HPs)
             Began as a Demonspawn Delver on June 16, 2021.
             Was an Initiate of Gozag.
             Mangled by a gnoll (8 damage)
             ... on level 3 of the Dungeon.
             The game lasted 00:08:24 (5000 turns).

flotson the Sneak (Demonspawn Delver)               Turns: 5000, Time: 00:08:27

Health: -7/42      AC:  6    Str: 14    XL:     5   Next: 28%
Magic:  5/5        EV: 10    Int: 13    God:    Gozag
Gold:   581        SH:  0    Dex: 14    Spells: 4/4 levels left

rFire    . . .     SeeInvis .   a - +0 halberd
rCold    . . .     Faith    .   (shield currently unavailable)
rNeg     . . .     Spirit   .   o - +0 scale mail
rPois    .         Reflect  .   (no helmet)
rElec    .         Harm     .   (no cloak)
rCorr    .         Rampage  .   (no gloves)
Will     .....                  (no boots)
Stlth    +.........             (no amulet)
HPRegen  0.14/turn              (no ring)
MPRegen  0.09/turn              (no ring)

@: mighty, gold aura, invisible
A: foul stench 1, powered by death 2, big brain 1
a: Renounce Religion, Potion Petition, Call Merchant, Bribe Branch


You were on level 3 of the Dungeon.
You worshipped Gozag.
Gozag was pleased with you.
You visited 2 branches of the dungeon, and saw 6 of its levels.

You collected 588 gold pieces.
You paid 7 gold pieces to Gozag.

Inventory:

Hand Weapons
 a - a +0 halberd (weapon)
 b - a +0 longbow
 r - a +0 hand axe
Missiles
 f - 4 boomerangs (quivered)
Armour
 o - a +0 scale mail (worn)
 q - a +0 buckler
Wands
 g - a wand of digging (3)
Scrolls
 c - a scroll of fog
 d - 2 scrolls of magic mapping
 e - 2 scrolls of identify {unknown}
 h - a scroll of brand weapon {unknown}
 i - a scroll of acquirement {unknown}
 j - a scroll of blinking {unknown}
 k - a scroll of immolation {unknown}
 n - a scroll of teleportation {unknown}
Potions
 p - a potion of mutation {unknown}


   Skills:
 + Level 3.8 Fighting
 + Level 2.8 Axes
 + Level 0.0 Throwing
 + Level 1.8 Armour
 + Level 2.6 Dodging
 - Level 4.5 Stealth
 + Level 1.8 Evocations


You had 4 spell levels left.
You didn't know any spells.
Your spell library was empty.

Dungeon Overview and Level Annotations

Branches:
Dungeon (5/15)             Temple (1/1) D:5

Altars:
Elyvilon
Fedhas
Gozag
Hepliaklqana
Makhleb
Okawaru
Yredelemnul
Zin

Annotations:
D:4 Pikel


Innate Abilities, Weirdness & Mutations

You may rarely emit foul miasma when damaged in melee.
You regenerate health from kills.
You have an unusually large brain. (Int +2)


Message History

An adder comes into view.
The adder hisses angrily. x2; The gnoll shouts!
You hit the bat.
The bat is heavily wounded.
The bat hits you but does no damage. The bat barely misses you.
The bat hits you.
You slash the bat!
You kill the bat!
The adder bites you.
You are poisoned.
The adder poisons you!
You miss the adder.
You feel sick. The adder bites you but does no damage.
The adder closely misses you.
You miss the adder.
You feel sick. The adder closely misses you. The gnoll barely misses you.
The adder barely misses you.
The gnoll hits you from afar with a +4 halberd.
The adder barely misses you. The adder bites you but does no damage.
You miss the adder.
You feel sick. The adder closely misses you. The adder bites you.
The gnoll closely misses you. The adder barely misses you.
The adder closely misses you.
You closely miss the adder.
You feel sick.
You are no longer poisoned.
The gnoll hits you from afar with a +4 halberd!
The adder closely misses you. The adder bites you but does no damage.
The gnoll hits you from afar with a +4 halberd!
* * * LOW HITPOINT WARNING * * *
The adder barely misses you. The adder closely misses you.
Okay, then.
The adder bites you but does no damage.
It was a potion of might.
You feel very mighty all of a sudden. The adder completely misses you.
The adder bites you but does no damage.
The gnoll is distracted by your dazzling golden aura.
It was a potion of invisibility.
You fade into invisibility!
The gnoll is no longer distracted by gold.
The adder bites you but does no damage. The adder closely misses you.
The gnoll hits you from afar with a +4 halberd!
You die...
Your body crumbles into a pile of gold.

.......#..######..#...........)..
.###..##.## ...##..#######.### .#
##.#..# $.....#............# .##
#.#..# $ #.....#.########.#.# ..#
#.#..# ##.g...#.# #.#.#
..###.#..# Sg?..#..#.# #.#.#
..##..##.##.S..##g##.########.#..
.......#..######SS#.........#.##.
...###.##.......@##.#######'#.##)
.#.# #.........###............##.
.#.# #.......###...#..........##.
.#.###.##........###..........##.
.#..##.##.#####.## #.............
.#...(....# #.# #.........####
.#..##.##.# #.# #.........#
.#...#.##.# #.# #.........#
...#.#.##.# #.# #.........#


You could see a gnoll and 2 adders.

Vanquished Creatures
  An iguana (D:2)
  An orc wizard (D:3)
  2 gnolls (D:3)
  2 adders
  3 worms (D:2)
  A dart slug (D:2)
  5 orcs (D:3)
  2 endoplasms (D:1)
  2 giant cockroaches
  8 goblins
  7 hobgoblins
  3 jackals (D:1)
  5 quokkas
  6 ball pythons
  7 bats
  4 frilled lizards
  5 kobolds
  5 rats
69 creatures vanquished.

Notes
Turn   | Place    | Note
-------+----------+-------------------------------------------
     0 | D:5      | flotson the Demonspawn Delver began the quest for the Orb.
     0 | D:5      | Reached XP level 1. HP: 18/18 MP: 1/1
    26 | D:5      | Found a staircase to the Ecumenical Temple.
    31 | Temple   | Entered the Ecumenical Temple
    47 | Temple   | Became a worshipper of Gozag Ym Sagoz the Greedy
   112 | D:4      | Noticed a lemure
   112 | D:4      | Noticed a lemure
   112 | D:4      | Noticed a lemure
   112 | D:4      | Noticed Pikel
   331 | D:2      | Noticed an iguana
   683 | D:1      | Gained mutation: You regenerate a little health from kills.
                  | [demonic ancestry]
   683 | D:1      | Reached XP level 2. HP: 20/24 MP: 2/2
   888 | D:1      | Found a faded altar of an unknown god.
  1171 | D:1      | Gained mutation: You may rarely emit foul miasma when
                  | damaged in melee. [demonic ancestry]
  1171 | D:1      | Reached XP level 3. HP: 22/29 MP: 3/3
  1407 | D:1      | Reached skill level 1 in Armour
  1930 | D:2      | Reached skill level 1 in Evocations
  3002 | D:2      | Gained mutation: You have an unusually large brain. (Int
                  | +2) [demonic ancestry]
  3002 | D:2      | Reached XP level 4. HP: 33/35 MP: 4/4
  4041 | D:3      | Gained mutation: You regenerate health from kills. [demonic
                  | ancestry]
  4041 | D:3      | Reached XP level 5. HP: 41/42 MP: 5/5
  4997 | D:3      | HP: 1/42 [gnoll (12)]
  5000 | D:3      | Mangled by a gnoll

Illustrated notes

Levels and vault maps discovered:
D:1:      minmay_arrival_plants_in_alcoves, layout_basic, basic_ecumenical_altar
D:2:      layout_rooms, minmay_pentomino_z4
D:3:      layout_basic, minmay_randomly_rotated_circles
D:4:      layout_rooms, minmay_goblin_outpost, uniq_blork_the_orc, uniq_duvessa,
          uniq_pikel
D:5:      layout_basic, temple_doors_cd
Temple:   compressed_dpeg_circular_temple

Skill      XL: |  1  2  3 |
---------------+----------+-----
Axes           | 2 |  2.8
Dodging        | 2 |  2.6
Armour         | 1 |  1.8
Evocations     | 1 |  1.8
Fighting       | |  3.8
Stealth        | |  4.5

Action                   |  1- 3 |  4- 6 || total
-------------------------+-------+-------++-------
Melee: Hand axe          |   172 |       ||   172
       Quarterstaff      |    19 |    45 ||    64
       Halberd           |       |    41 ||    41
  Use: Scroll            |     2 |       ||     2
       Potion            |     1 |     2 ||     3
 Stab: Sleeping          |     2 |     3 ||     5
       Distracted        |     3 |       ||     3
Armor: Chain mail        |    62 |       ||    62
       Leather armour    |     5 |       ||     5
       Ring mail         |    16 |    20 ||    36
       Scale mail        |       |    43 ||    43
Dodge: Dodged            |    78 |    77 ||   155

Table legend: (Time is in decaauts)
 A = Elapsed time spent in this place.
 B = Non-inter-level travel time spent in this place.
 C = Inter-level travel time spent in this place.
 D = Time resting spent in this place.
 E = Time spent auto-exploring this place.
 F = Levels seen in this place.
 G = Mean time per level.
                   A        B        C        D        E       F      G
               +--------+--------+--------+--------+--------+-----+--------+
         Total |   5056 |   4749 |    307 |    847 |   2905 |   6 |  842.7 |
       Dungeon |   5030 |   4732 |    298 |    847 |   2900 |   5 | 1006.0 |
        Temple |     25 |     16 |      9 |      0 |      5 |   1 |   25.0 |
               +--------+--------+--------+--------+--------+-----+--------+

Top non-repeatable levels by time:
     D:2: 1815 daAuts
     D:1: 1765 daAuts
     D:3: 1349 daAuts
     D:5: 70 daAuts
     D:4: 30 daAuts
  Temple: 25 daAuts
